 Dungeon Sprint DCSS version 0.28-a0-938-gbc3f381ebc (webtiles) character file.

Game seed: 10949216384490384611

1800000 emperorscorpion the Archmage (level 18, -25/138 HPs)
             Began as a Djinni Hedge Wizard on Nov 28, 2021.
             Was a High Priest of Makhleb.
             Annihilated by a meat berserker (30 damage)
             ... in the Dungeon (Sprint VIII: "Arena of Blood").
             The game lasted 00:01:57 (18 turns).

emperorscorpion the Archmage (Djinni Hedge Wizard)    Turns: 18, Time: 00:01:57

Health: -25/138    AC: 18    Str:  9    XL:     18   Next: 46%
Gold:   0          EV: 39    Int: 17    God:    Makhleb [*****.] SH:  0 Dex: 20

rFire   . . .      SeeInvis .   (weapon currently unavailable)
rCold   . . .      Faith    .   (shield currently unavailable)
rNeg    . . .      Spirit   .   (armour currently unavailable)
rPois   ∞          Reflect  .   (helmet currently unavailable)
rElec   +          Harm     .   (cloak currently unavailable)
rCorr   .          Rampage  .   (gloves currently unavailable)
Will    +....      NoTele   +   (boots unavailable)
Stlth   ++++++++..              (no amulet)
HPRegen 0.33/turn               (no ring)
MPRegen 0.00/turn               (no ring)

@: storm-form, blinkbolt cooldown, flying
A: cleaving, flying, sickness immunity, (fire resistance 2), (cold vulnerability
1), float, innate caster, hp casting, extra vitality 1
a: Blinkbolt, End Transformation, Renounce Religion, Minor Destruction, Lesser
Servant of Makhleb, Major Destruction, Greater Servant of Makhleb


You were in the Dungeon.
You worshipped Makhleb.
Makhleb was extremely pleased with you.
You were a lightning-filled tempest!
You visited 1 branch

Inventory:

Hand Weapons
 a - a +0 dagger
 i - the +∞ Axe of Woe (melded)
   (You found it in the Dungeon)
Armour
 b - a +0 robe (melded)
 c - a +0 hat (melded)
Scrolls
 h - a scroll of blinking
Potions
 d - a potion of curing
 e - a potion of heal wounds
 f - a potion of haste
 g - a potion of berserk rage


   Skills:
 + Level 15.2 Fighting
 + Level 23.9 Axes
 + Level 25.2 Dodging
 + Level 19.8 Stealth
 O Level 27 Spellcasting


You had 28 spell levels left.
You knew the following spells:

 Your Spells              Type           Power      Damage    Failure   Level
a - Magic Dart            Conj           100%       1d8       0%          1
b - Blink                 Tloc           100%       N/A       0%          2
c - Call Imp              Summ           86%        N/A       0%          2
d - Slow                  Hex            100%       N/A       0%          1
e - Conjure Flame         Conj/Fire      86%        6-21      0%          3
f - Mephitic Cloud        Conj/Pois/Air  86%        N/A       0%          3
g - Foxfire               Conj/Fire      100%       2x1d9     0%          1
h - Searing Ray           Conj           100%       2d8       0%          2
i - Dazzling Flash        Conj/Hex       100%       N/A       0%          3
j - Spider Form           Tmut/Pois      86%        N/A       0%          3
k - Leda's Liquefaction   Hex/Erth       43%        N/A       0%          4
l - Silence               Hex/Air        43%        N/A       0%          5
m - Eringya's Noxious Bo  Tmut/Pois      43%        N/A       0%          6
n - Storm Form            Tmut/Air       43%        N/A       1%          7
Your spell library was empty.

Dungeon Overview and Level Annotations

Branches:
Dungeon (1/1)

Altars:
Makhleb


Innate Abilities, Weirdness & Mutations

You are a lightning-filled tempest!
Your stormy fists strike out in all directions at once.
You are incredibly evasive.
You are flying.
Your armour is entirely melded.
You are incapable of wielding weapons or throwing items.
You are immune to sickness and miasma.
You are immune to poison.
((Your flesh is very heat resistant. (rF++)))
((You are vulnerable to cold. (rC-)))
You float through the air rather than walking.
You learn spells naturally, not from books.
Your magical power is your life essence.
You have superior vitality. (+4 HP)


Message History

Aim: a bag of meat, wielding a +9 war axe and wearing a +30 ring of slaying (92% to hit)
The shock of your passage hits the meat berserker!!!
The meat berserker is lightly wounded.
The shock of your passage hits the bag of meat!
The bag of meat is lightly wounded.
The shock of your passage hits the bag of meat!
The bag of meat is lightly wounded.
The shock of your passage hits the bag of meat!!!
The bag of meat is lightly wounded.
The shock of your passage hits the bag of meat!!!
The bag of meat is lightly wounded.
You blink. 2 orcs come into view.
The bag of meat shouts!
You are engulfed in blazing flames.
You hear a shout! x2
The bag of meat hits you but does no damage.
You hear a shout!
A bag of meat comes into view. It is wielding a +9 war axe.
You hear a shout!
The bag of meat is engulfed in blazing flames.
You hear a shout!
The meat berserker is engulfed in blazing flames.
The meat berserker hits you with a +9 battleaxe!!!
* * * LOW HITPOINT WARNING * * *
You hear a shout!
The bag of meat is engulfed in blazing flames.
You hear a shout! x3
You hear a shout! x4
The bag of meat is engulfed in blazing flames.
You hear a shout!
The bag of meat is engulfed in blazing flames.
The bag of meat hits you with a +9 war axe!!
* * * LOW HITPOINT WARNING * * *
You hear a shout! x2
The meat berserker is engulfed in blazing flames.
You hear a shout!
The bag of meat is engulfed in blazing flames.
The meat berserker hits you with a +9 battleaxe!!
You die...

......o_..........
o.....###..O......
.###.....).###....
#.o.....#......
..#...o)).#......
.......)§o§.......
.......)o§§....#
.......oOoo...#.
........Ovoo##....
..#..O...O.#.oo...
...........#ooo##
##.#....... ...o
..............o.
...#.....####...
.......... ...
..........


You could see 2 large bags of meat, 3 meat berserkers and 12 bags of meat.

Vanquished Creatures
  4 ogres (D)
  A two-headed ogre (D)
  14 orcs (D)
19 creatures vanquished.

Notes
Turn   | Place    | Note
-------+----------+-------------------------------------------
     0 | D        | Found the +∞ Axe of Woe
     0 | D        | emperorscorpion the Djinni Hedge Wizard began the quest for
                  | the Orb.
     0 | D        | Reached XP level 1. HP: 15/15 MP: 0/0
     2 | D        | Noticed a bag of meat
     4 | D        | Became a worshipper of Makhleb the Destroyer
     5 | D        | Noticed a bag of meat
     5 | D        | Noticed a bag of meat
     5 | D        | Noticed a bag of meat
     7 | D        | Killed a bag of meat
     7 | D        | Noticed a bag of meat
     7 | D        | Noticed a meat berserker
     8 | D        | Reached skill level 10 in Dodging
     8 | D        | Reached skill level 17 in Spellcasting
     8 | D        | Reached XP level 2. HP: 21/21 MP: 0/0
     8 | D        | Reached XP level 3. HP: 25/25 MP: 0/0
     8 | D        | Learned a level 1 spell: Foxfire
     8 | D        | Reached XP level 4. HP: 31/31 MP: 0/0
     8 | D        | Reached XP level 5. HP: 35/35 MP: 0/0
     8 | D        | Learned a level 2 spell: Searing Ray
     8 | D        | Reached XP level 6. HP: 40/40 MP: 0/0
     8 | D        | Reached XP level 7. HP: 45/45 MP: 0/0
     8 | D        | Learned a level 3 spell: Dazzling Flash
     8 | D        | Reached XP level 8. HP: 50/50 MP: 0/0
     8 | D        | Reached XP level 9. HP: 55/55 MP: 0/0
     8 | D        | Learned a level 3 spell: Spider Form
     8 | D        | Reached XP level 10. HP: 60/60 MP: 0/0
     8 | D        | Reached XP level 11. HP: 65/65 MP: 0/0
     8 | D        | Learned a level 4 spell: Leda's Liquefaction
     8 | D        | Noticed a meat berserker
     8 | D        | Noticed a bag of meat
     8 | D        | Noticed a bag of meat
     8 | D        | Noticed a meat berserker
     8 | D        | Noticed a bag of meat
     8 | D        | Noticed a bag of meat
     9 | D        | Noticed a bag of meat
     9 | D        | Noticed a bag of meat
     9 | D        | Noticed a bag of meat
     9 | D        | Noticed a bag of meat
     9 | D        | Noticed a meat berserker
    10 | D        | Noticed a bag of meat
    10 | D        | Noticed a bag of meat
    11 | D        | Noticed a bag of meat
    11 | D        | Noticed a large bag of meat
    11 | D        | Noticed a bag of meat
    11 | D        | Noticed a bag of meat
    11 | D        | Noticed a bag of meat
    11 | D        | Noticed a bag of meat
    12 | D        | Killed a meat berserker
    12 | D        | Reached * piety under Makhleb
    12 | D        | Killed a bag of meat
    12 | D        | Noticed a bag of meat
    12 | D        | Noticed a bag of meat
    13 | D        | Reached skill level 5 in Axes
    13 | D        | Reached skill level 10 in Stealth
    13 | D        | Reached skill level 22 in Spellcasting
    13 | D        | Reached XP level 12. HP: 70/70 MP: 0/0
    13 | D        | Reached XP level 13. HP: 75/75 MP: 0/0
    13 | D        | Learned a level 5 spell: Silence
    13 | D        | Killed a meat berserker
    13 | D        | Killed a meat berserker
    13 | D        | Reached ** piety under Makhleb
    13 | D        | Killed a bag of meat
    13 | D        | Killed a bag of meat
    13 | D        | Noticed a meat berserker
    13 | D        | Noticed a bag of meat
    14 | D        | Reached skill level 27 in Spellcasting
    14 | D        | Reached XP level 14. HP: 77/89 MP: 0/0
    14 | D        | Reached XP level 15. HP: 82/94 MP: 0/0
    14 | D        | Learned a level 6 spell: Eringya's Noxious Bog
    14 | D        | Reached *** piety under Makhleb
    14 | D        | Reached **** piety under Makhleb
    14 | D        | Noticed a meat berserker
    15 | D        | Reached XP level 16. HP: 77/110 MP: 0/0
    15 | D        | Killed a meat berserker
    15 | D        | Reached ***** piety under Makhleb
    15 | D        | Killed a large bag of meat
    15 | D        | Noticed a large bag of meat
    16 | D        | Reached skill level 15 in Fighting
    16 | D        | Reached XP level 17. HP: 115/131 MP: 0/0
    16 | D        | Learned a level 7 spell: Storm Form
    16 | D        | Reached XP level 18. HP: 121/138 MP: 0/0
    16 | D        | Noticed a large bag of meat
    16 | D        | Noticed a meat berserker
    18 | D        | HP: 5/138 [bag of meat (22)]
    18 | D        | Annihilated by a meat berserker

Illustrated notes

Levels and vault maps discovered:
D:        meatsprint

Skill      XL: |  1  2  3  4  5  6  7  8  9 10 11 12 13 14 15 16 |
---------------+-------------------------------------------------+-----
Axes           | 3 5 9 16 23 | 23.9
Dodging        | 10 14 18 21 25 | 25.2
Stealth        | 7 10 13 16 19 | 19.8
Spellcasting   | 17 22 27 | 27.0
Fighting       | 4 8 15 | 15.2

Action                   |  1- 3 |  4- 6 |  7- 9 | 10-12 | 13-15 | 16-18 || total
-------------------------+-------+-------+-------+-------+-------+-------++-------
Melee: Executioner's axe |     1 |       |       |     1 |     2 |     1 ||     5
 Cast: Storm Form        |       |       |       |       |       |     1 ||     1
 Abil: Blinkbolt         |       |       |       |       |       |     1 ||     1
Armor: Skin              |       |       |       |       |       |     1 ||     1
Dodge: Dodged            |       |       |       |       |     2 |     1 ||     3

Table legend: (Time is in decaauts)
 A = Elapsed time spent in this place.
 B = Non-inter-level travel time spent in this place.
 C = Inter-level travel time spent in this place.
 D = Time resting spent in this place.
 E = Time spent auto-exploring this place.
 F = Levels seen in this place.
 G = Mean time per level.
                   A        B        C        D        E       F      G
               +--------+--------+--------+--------+--------+-----+--------+
         Total |     20 |     20 |      0 |      0 |      0 |   1 |   20.0 |
       Dungeon |     20 |     20 |      0 |      0 |      0 |   1 |   20.0 |
               +--------+--------+--------+--------+--------+-----+--------+

Top non-repeatable levels by time:
       D: 20 daAuts
